 Dungeon Crawl Stone Soup version 0.19-a0-1875-g4fea3da (webtiles) character file.

14313 vev the Covert (level 12, -12/106 HPs)
             Began as a Naga Wizard on Oct 13, 2016.
             Was a Believer of Sif Muna.
             Killed by the air
             ... invoked by Gastronok
              (29 damage)
             ... on level 3 of the Lair of Beasts.
             The game lasted 01:26:20 (16429 turns).

vev the Covert (Naga Wizard)                       Turns: 16429, Time: 01:26:21

Health: -12/106    AC: 10    Str: 14    XL:     12   Next: 15%
Magic:  3/24       EV: 18    Int: 22    God:    Sif Muna [**....]
Gold:   669        SH:  0    Dex: 16    Spells: 8 memorised, 7 levels left

rFire  + + .     SeeInvis +     a - +2 dagger (venom)
rCold  . . .     Gourm    .     C - +2 leather armour {rF+}
rNeg   . . .     Faith    .     (no shield)
rPois  +         Spirit   .     Z - +0 helmet
rElec  .         Dismiss  .     (no cloak)
rCorr  .         Reflect  .     (no gloves)
MR     +....     Harm     .     (no barding)
Stlth  +++++++... Rnd*Rage +    m - amulet of rage
                                N - ring of protection from fire
                                Y - +4 ring of strength

@: agile, repel missiles, very slow
A: claws 1, slimy green scales 1, see invisible, berserk 1, deformed body,
poison resistance, slowness 2, slow metabolism 1, spit poison 1, AC +4
a: Spit Poison, Divine Energy, Renounce Religion, Evoke Berserk Rage


You were on level 3 of the Lair of Beasts.
You worshipped Sif Muna.
Sif Muna was pleased with you.
You were very hungry.

You visited 3 branches of the dungeon, and saw 13 of its levels.

You collected 753 gold pieces.
You spent 84 gold pieces at shops.

Inventory:

Hand Weapons
 a - a +2 dagger of venom (weapon)
 v - a +1 dagger of protection
 U - a +1 vampiric dagger
Missiles
 k - 3 throwing nets (quivered)
Armour
 f - a +0 buckler
 C - a +2 leather armour of fire resistance (worn)
 Z - a +0 helmet (worn)
Rods
 b - a +1 rod of ignition (4/9)
   (You found it on level 7 of the Dungeon)
Jewellery
 m - an amulet of rage (around neck)
 o - an uncursed ring of positive energy
 N - a ring of protection from fire (right claw)
 Y - a +4 ring of strength (left claw)
Wands
 J - a wand of iceblast (0/15)
 M - a wand of teleportation (4/9)
 T - a wand of lightning (2/15)
 W - a wand of acid (0/15)
Scrolls
 e - a scroll of identify
 j - 2 scrolls of fear {unknown}
 l - 5 scrolls of recharging
 p - a scroll of random uselessness {unknown}
 q - 8 scrolls of remove curse
 t - 3 scrolls of amnesia
 y - a scroll of immolation
 A - a scroll of magic mapping
 H - a scroll of fog
 I - 2 scrolls of enchant armour
 K - 2 scrolls of enchant weapon {unknown}
 L - a scroll of vulnerability {unknown}
 R - 3 scrolls of holy word {unknown}
 V - a scroll of brand weapon
 X - a scroll of summoning {unknown}
Potions
 h - 4 potions of flight
 r - 2 potions of brilliance
 x - 3 potions of haste
 z - 2 potions of ambrosia
 B - a potion of lignification
 D - a potion of agility
 E - a potion of berserk rage
 F - 4 potions of magic
 P - a potion of might
 Q - a potion of curing
Books
 c - a book of Minor Magic

   Spells                             Type                      Level
   a - Magic Dart                     Conjuration                  1
   b - Blink                          Translocation                2
   c - Call Imp                       Summoning                    2
   d - Repel Missiles                 Charms/Air                   2
   e - Slow                           Hexes                        2
   f - Conjure Flame                  Conjuration/Fire             3
   g - Mephitic Cloud                 Conjuration/Poison/Air       3
 s - a book of Callings

   Spells                             Type                      Level
   a - Summon Small Mammal            Summoning                    1
   b - Call Imp                       Summoning                    2
   c - Call Canine Familiar           Summoning                    3
   d - Summon Guardian Golem          Hexes/Summoning              3
   e - Summon Lightning Spire         Summoning/Air                4
   f - Summon Ice Beast               Ice/Summoning                4
 S - a book of Battle

   Spells                             Type                      Level
   a - Infusion                       Charms                       1
   b - Shroud of Golubria             Charms/Translocation         2
   c - Song of Slaying                Charms                       2
   d - Spectral Weapon                Hexes/Charms                 3
   e - Regeneration                   Charms/Necromancy            3
Comestibles
 d - 4 bread rations
 i - 5 meat rations
 n - 3 beef jerkies
 w - 2 fruits


   Skills:
 - Level 6.8 Fighting
 - Level 6.0 Dodging
 - Level 14.4 Stealth
 - Level 8.3 Spellcasting
 - Level 8.7 Conjurations
 - Level 2.9 Charms
 + Level 2.0 Summonings
 - Level 3.0 Necromancy
 - Level 2.2 Translocations
 - Level 1.7 Fire Magic
 + Level 2.4 Air Magic
 - Level 2.1 Poison Magic


You had 7 spell levels left.
You knew the following spells:

 Your Spells              Type           Power        Failure   Level  Hunger
a - Magic Dart            Conj           ####         1%          1    None
b - Blink                 Tloc           N/A          8%          2    None
c - Conjure Flame         Conj/Fire      ####....     3%          3    None
f - Mephitic Cloud        Conj/Pois/Air  ####....     4%          3    None
g - Shroud of Golubria    Chrm/Tloc      ###.......   6%          2    None
m - Repel Missiles        Chrm/Air       ###...       6%          2    None
q - Summon Lightning Spi  Summ/Air       ###.....     38%         4    ###....
r - Regeneration          Chrm/Necr      ###.......   10%         3    None


Dungeon Overview and Level Annotations

Branches:
Dungeon (9/15)             Temple (1/1) D:7            Lair (3/6) D:8
  Snake (0/4) Lair:2
  Swamp: Lair:2-4    Shoals: Lair:2-4       Orc: D:9-12

Altars:
Ashenzari
Cheibriados
Dithmenos
Elyvilon
Fedhas
Gozag
Hepliaklqana
Kikubaaqudgha
Makhleb
Nemelex Xobeh
Okawaru
Qazlal
Ru
Sif Muna
Trog
Uskayaw
Vehumet
Xom
Yredelemnul
Zin
The Shining One

Shops:
D:4 *(   D:5 }   D:8 !

Annotations:
D:4 exclusion: 2 doors
Lair:1 exclusion: 2 oklob plants
Lair:2 exclusion: oklob plant
Lair:3 Gastronok, Sonja


Innate Abilities, Weirdness & Mutations

You cannot wear boots.
Your serpentine skin is tough. (AC +4)
You have supernaturally acute eyesight. (SInv)
Armour fits poorly on your strangely shaped body.
Your system is resistant to poisons. (rPois)
You cover ground very slowly.
You have a slow metabolism.
You can spit poison.
You have sharp fingernails.
You are partially covered in slimy green scales. (AC +2)
You tend to lose your temper in combat.


Message History

Gastronok casts a spell.
Unknown command.
You hit Gastronok.
Gastronok looks as sick as possible!
Gastronok is severely wounded.
Unknown command.
You hit Gastronok but do no damage.
Gastronok is severely wounded.
Gastronok bites you!!
* * * LOW HITPOINT WARNING * * *
Unknown command.
Unknown command.
Evoke which item? (* to show all) (? for menu, Esc to quit)
Zapping:
J - a wand of iceblast {zapped: 5} (will waste charges)
Press: ? - help, Shift-Dir - straight line Nothing appears to happen.
Unknown command.
You feel better.
Gastronok waves his eye-stalks in wide circles.
The air twists around and strikes you!
You die...

. .. ##. ##.. #..
##..# #.. #...# ##)#
###..####..#
#..w...##..##
##.@†H...#.#.# #
#..###.......###....
#### #.....#........
##..#..##....#..
##.......#..##...
##....#....#w..#..
..#.....##..#...#...
#......w#.(.....Y...
#..#.##.<...####....


You could see Gastronok and a hippogriff (confused).

Vanquished Creatures
  A hill giant (D:7)
  Pikel (D:7)
  An elephant (Lair:3)
  3 spiny frogs
  A rime drake (Lair:1)
  4 komodo dragons
  A polar bear (Lair:3)
  The ghost of Rationalist the Chopper, an amateur MiGl (D:4)
  A two-headed ogre (D:6)
  Prince Ribbit (D:7)
  3 hippogriffs
  5 blink frogs (Lair:2)
  25 yaks
  A basilisk (Lair:1)
  2 hungry ghosts
  4 nagas (Lair:2)
  2 water moccasins
  4 porcupines
  4 phantoms
  3 black bears
  4 slaves (D:7)
  2 ogres
  2 eyes of draining
  6 wolves (Lair:2)
  2 centaurs
  4 crocodiles
  3 big kobolds
  9 bullfrogs
  A wyvern zombie (D:7)
  6 scorpions
  A water moccasin skeleton (D:9)
  2 howler monkeys (D:7)
  An electric eel (D:7)
  5 crimson imps
  2 hounds
  A jelly (D:5)
  A bullfrog skeleton (D:8)
  A gnoll shaman (D:6)
  5 orc wizards (D:4)
  An iguana (D:9)
  8 worker ants
  A hound zombie (D:9)
  2 hound skeletons
  A worker ant zombie (D:5)
  8 adders
  12 gnolls
  4 river rats (D:8)
  A shadow imp (D:5)
  An ooze (D:4)
  An adder zombie (D:8)
  An adder skeleton (D:5)
  A worm (D:3)
  8 leopard geckos
  19 orcs
  6 giant cockroaches
  8 goblins
  5 hobgoblins
  10 quokkas
  2 ball pythons
  8 bats
  3 frilled lizards
  14 kobolds
  A leopard gecko skeleton (D:5)
  A quokka skeleton (D:7)
  A rat (D:3)
254 creatures vanquished.

Vanquished Creatures (others)
  13 fungi
  4 plants
17 creatures vanquished.

Grand Total: 271 creatures vanquished

Notes
Turn   | Place    | Note
-------+----------+-------------------------------------------
     0 | D:1      | vev the Naga Wizard began the quest for the Orb.
     0 | D:1      | Reached XP level 1. HP: 15/15 MP: 4/4
   256 | D:1      | Found a shimmering altar of Xom.
   436 | D:1      | Reached XP level 2. HP: 16/22 MP: 0/6
  1363 | D:2      | Reached skill level 4 in Stealth
  1363 | D:2      | Reached XP level 3. HP: 27/28 MP: 7/7
  2051 | D:3      | Found a shattered altar of Ashenzari.
  2055 | D:3      | Saw a vision of the Shoals and the Snake Pit.
  2055 | D:3      | Noticed a naga ritualist
  2055 | D:3      | Noticed a naga
  2055 | D:3      | Noticed a naga warrior
  2055 | D:3      | Noticed a salamander
  2055 | D:3      | Noticed a black mamba
  2055 | D:3      | Noticed a naga
  2055 | D:3      | Noticed a naga ritualist
  2055 | D:3      | Noticed a naga warrior
  2055 | D:3      | Noticed a merfolk
  2055 | D:3      | Noticed a sea snake
  2055 | D:3      | Noticed a merfolk
  2055 | D:3      | Noticed a merfolk
  2055 | D:3      | Noticed a merfolk
  2055 | D:3      | Noticed a centaur
  2055 | D:3      | Noticed a hippogriff
  2086 | D:3      | Reached skill level 2 in Conjurations
  2153 | D:3      | Reached XP level 4. HP: 36/36 MP: 9/9
  2364 | D:4      | Noticed Rationalist's ghost (amateur MiGl)
  2653 | D:4      | Found Fofira's Weapon Shop.
  2660 | D:4      | Reached skill level 5 in Stealth
  2660 | D:4      | Reached XP level 5. HP: 39/42 MP: 4/10
  2768 | D:4      | Reached skill level 4 in Spellcasting
  2826 | D:4      | Found Nurph's Serpentskin Sales.
  2826 | D:4      | Noticed a water moccasin
  2826 | D:4      | Noticed a water moccasin
  2880 | D:4      | Reached skill level 3 in Conjurations
  2885 | D:4      | Learned a level 3 spell: Mephitic Cloud
  3063 | D:4      | Reached XP level 6. HP: 49/49 MP: 10/12
  3067 | D:4      | Learned a level 2 spell: Blink
  3071 | D:4      | Learned a level 3 spell: Conjure Flame
  3102 | D:4      | Reached skill level 6 in Stealth
  3668 | D:4      | HP: 2/49 [orc wizard/puff of flame (12)]
  3865 | D:4      | Killed Rationalist's ghost
  3865 | D:4      | Reached skill level 7 in Stealth
  3865 | D:4      | Reached skill level 5 in Spellcasting
  3865 | D:4      | Reached skill level 4 in Conjurations
  3865 | D:4      | Reached XP level 7. HP: 38/55 MP: 9/14
  4455 | D:4      | Reached skill level 8 in Stealth
  4560 | D:5      | Entered Level 5 of the Dungeon
  5234 | D:5      | Found Gengeomn's Gadget Boutique.
  5609 | D:6      | Reached XP level 8. HP: 50/62 MP: 13/16
  5699 | D:6      | Reached skill level 5 in Conjurations
  5703 | D:6      | Reached skill level 9 in Stealth
  5797 | D:5      | Found a radiant altar of Vehumet.
  5872 | D:6      | Found an opulent altar of Gozag.
  5913 | D:6      | Reached skill level 6 in Spellcasting
  6199 | D:6      | Noticed a two-headed ogre
  6201 | D:6      | Killed a two-headed ogre
  6201 | D:6      | Reached skill level 10 in Stealth
  6201 | D:6      | Reached skill level 6 in Conjurations
  6451 | D:7      | Noticed Prince Ribbit
  6483 | D:7      | Killed Prince Ribbit
  6483 | D:7      | Reached XP level 9. HP: 35/68 MP: 16/19
  6957 | D:7      | Reached skill level 11 in Stealth
  6957 | D:7      | Reached skill level 7 in Spellcasting
  7375 | D:7      | Reached skill level 1 in Fighting
  7375 | D:7      | Reached skill level 2 in Dodging
  7458 | D:7      | Found a staircase to the Ecumenical Temple.
  7458 | D:7      | Noticed Pikel
  7466 | D:7      | Noticed a hill giant
  7505 | D:7      | Killed a hill giant
  7505 | D:7      | Reached skill level 2 in Fighting
  7505 | D:7      | Reached skill level 7 in Conjurations
  7520 | D:7      | HP: 5/73 [Pikel/whip of flaming (7)]
  7522 | D:7      | Killed Pikel
  7522 | D:7      | Reached skill level 3 in Fighting
  7522 | D:7      | Reached skill level 3 in Dodging
  7522 | D:7      | Reached skill level 12 in Stealth
  7569 | Temple   | Entered the Ecumenical Temple
  7651 | Temple   | Became a worshipper of Sif Muna the Loreminder
  7902 | D:7      | Reached XP level 10. HP: 53/84 MP: 12/20
  7912 | D:7      | HP: 7/84 [wyvern zombie (9)]
  8296 | D:7      | Reached skill level 1 in Poison Magic
  8467 | D:7      | Reached skill level 1 in Fire Magic
  8833 | D:8      | Reached skill level 1 in Air Magic
  8968 | D:8      | Found Omoim's Distillery.
  8971 | D:8      | Bought a potion of mutation for 32 gold pieces
  8971 | D:8      | Gained mutation: You are partially covered in slimy green scales. (AC +2) [potion of mutation]
  8971 | D:8      | Gained mutation: You tend to lose your temper in combat. [potion of mutation]
  8971 | D:8      | Gained mutation: You have sharp fingernails. [potion of mutation]
  8972 | D:8      | Bought a potion of might for 52 gold pieces
  9079 | D:8      | Reached skill level 2 in Translocations
  9249 | D:8      | Found a staircase to the Lair.
  9254 | D:8      | Reached skill level 2 in Poison Magic
  9331 | D:9      | Identified a +1 rod of ignition (9/9) (You found it on level 7 of the Dungeon)
  9337 | D:9      | Learned a level 3 spell: Regeneration
  9340 | D:9      | Learned a level 2 spell: Repel Missiles
  9343 | D:9      | Learned a level 2 spell: Shroud of Golubria
  9933 | D:9      | Reached skill level 4 in Fighting
 10684 | D:8      | Reached skill level 1 in Charms
 10695 | D:8      | Reached skill level 1 in Necromancy
 10792 | D:8      | Reached skill level 4 in Dodging
 11084 | Lair:1   | Entered Level 1 of the Lair of Beasts
 11107 | Lair:1   | Reached * piety under Sif Muna
 11107 | Lair:1   | Reached skill level 13 in Stealth
 11107 | Lair:1   | Reached skill level 2 in Charms
 11107 | Lair:1   | Reached skill level 2 in Necromancy
 11404 | D:8      | Reached skill level 5 in Fighting
 11404 | D:8      | Reached XP level 11. HP: 94/94 MP: 20/22
 11687 | D:8      | Reached skill level 3 in Necromancy
 12450 | Lair:1   | Reached skill level 5 in Dodging
 12799 | Lair:1   | Reached skill level 8 in Conjurations
 13216 | Lair:1   | Reached ** piety under Sif Muna
 13229 | Lair:1   | Reached skill level 6 in Fighting
 13445 | Lair:1   | Reached skill level 14 in Stealth
 13583 | Lair:1   | Noticed an oklob plant
 13642 | Lair:1   | Noticed an oklob plant
 13776 | Lair:2   | Noticed a six-headed hydra
 14366 | Lair:2   | Found a staircase to the Snake Pit.
 14627 | Lair:2   | Reached skill level 8 in Spellcasting
 14989 | Lair:2   | Noticed an oklob plant
 15119 | Lair:2   | Reached XP level 12. HP: 78/106 MP: 13/24
 15290 | Lair:2   | Reached skill level 6 in Dodging
 15829 | Lair:2   | Upgraded the game from 0.19-a0-1861-g35def1e to 0.19-a0-1875-g4fea3da
 16080 | Lair:2   | Learned a level 4 spell: Summon Lightning Spire
 16083 | Lair:3   | Noticed Gastronok
 16098 | Lair:3   | Noticed Sonja
 16104 | Lair:3   | HP: 5/106 [elephant (12)]
 16109 | Lair:3   | HP: 8/106 [elephant (17)]
 16109 | Lair:3   | Reached skill level 2 in Air Magic
 16115 | Lair:3   | HP: 8/106 [hippogriff (10)]
 16402 | Lair:3   | Reached skill level 2 in Summonings
 16427 | Lair:3   | HP: 8/106 [Gastronok (24)]
 16429 | Lair:3   | Killed from afar by Gastronok

Vault maps used:
D:1:      arrival_zaba_pyramid, minmay_crystal_room, xom_teletrap_fun
D:2:      serial_forest, infiniplex_forest_clump_small,
          infiniplex_forest_clump_diagonal, infiniplex_forest_pool,
          infiniplex_forest_lined_room_3, infiniplex_forest_straight_4,
          infiniplex_forest_clump_small, infiniplex_forest_lined_corner
D:3:      first_bread, minmay_misc_feat_more_columns, grunt_ministairs_9,
          grunt_ashenzari_visionary
D:4:      serial_shops, kennysheep_little_box, guppyfry_shop_venom
D:5:      lemuel_upstairs_altar, serial_shops, nicolae_shop_statue_plus
D:6:      nicolae_gozag_cash_rules_everything_around_me
D:7:      serial_bayou, serial_bayou_crossing, serial_bayou_pond_b,
          serial_bayou_pond_e, serial_bayou_pond_e, uniq_pikel,
          uniq_prince_ribbit1
D:8:      dpeg_lair_monsters, serial_shops, shop
Temple:   dpeg_three_leaves_temple
Lair:1:   disabler_island
Lair:2:   minmay_snake_entry_guardpost_small, minmay_lair_oklob_bushes
Lair:3:   uniq_sonja, uniq_gastronok

Skill      XL: |  1  2  3  4  5  6  7  8  9 10 11 12 |
---------------+-------------------------------------+-----
Stealth        | 4 5 7 8 10 12 13 14 | 14.4
Conjurations   | 2 3 4 6 7 8 |  8.7
Spellcasting   | 4 5 6 7 8 |  8.3
Fighting       | 3 5 6 |  6.8
Dodging        | 3 4 5 6 |  6.0
Poison Magic   | 2 |  2.1
Fire Magic     | 1 |  1.7
Air Magic      | 1 2 |  2.4
Translocations | 2 |  2.2
Charms         | 2 |  2.9
Necromancy     | 2 3 |  3.0
Summonings     | 2 |  2.0

Action                   |  1- 3 |  4- 6 |  7- 9 | 10-12 || total
-------------------------+-------+-------+-------+-------++-------
Melee: Dagger            |    22 |    77 |   128 |   486 ||   713
       Mace              |     9 |       |       |       ||     9
       Unarmed           |     3 |       |       |       ||     3
Throw: Throwing net      |       |       |       |     1 ||     1
 Cast: Magic Dart        |    57 |    38 |   129 |   191 ||   415
       Mephitic Cloud    |       |     5 |    16 |    59 ||    80
       Conjure Flame     |       |     3 |     6 |     6 ||    15
       Blink             |       |     2 |    14 |    22 ||    38
       Repel Missiles    |       |       |       |     3 ||     3
       Shroud of Golubri |       |       |       |    10 ||    10
       Regeneration      |       |       |       |     6 ||     6
 Abil: Spit Poison       |     6 |     8 |     1 |     3 ||    18
       Evoke Berserk Rag |       |       |       |     1 ||     1
Evoke: Wand              |       |       |       |     8 ||     8
       Rod               |       |       |       |     1 ||     1
  Use: Scroll            |       |    12 |     1 |     8 ||    21
       Potion            |       |     3 |     1 |     7 ||    11
 Stab: Sleeping          |     4 |     6 |    13 |    17 ||    40
       Confused          |       |     4 |     2 |    29 ||    35
       Held in net/web   |       |       |       |     1 ||     1
  Eat: Chunk             |     3 |     4 |    11 |    20 ||    38
       Pizza             |       |       |       |     2 ||     2
       Royal jelly       |       |       |       |     1 ||     1
Armor: Robe              |    12 |    35 |    25 |    59 ||   131
       Leather armour    |       |       |       |    72 ||    72
Dodge: Dodged            |    27 |    43 |    78 |   230 ||   378
       Deflected         |       |       |       |    10 ||    10
